 Dungeon Crawl Stone Soup version 0.30-a0-808-g6e0788376e (webtiles) character file.

Game seed: 2442065388276483841

164 Demosthentine the Ducker (level 5, -1/41 HPs)
             Began as a Demonspawn Gladiator on Feb 26, 2023.
             Succumbed to a kobold brigand's poison
             ... on level 3 of the Dungeon.
             The game lasted 00:02:24 (2072 turns).

Demosthentine the Ducker (Demonspawn Gladiator)     Turns: 2072, Time: 00:02:25

Health: -1/41      AC:  8    Str: 14    XL:     5   Next: 21%
Magic:  5/5        EV: 13    Int: 10    God:
Gold:   92         SH:  4    Dex: 16    Spells: 4/4 levels left

rFire   . . .      SeeInvis .    a - +1 trident
rCold   . . .      Faith    .    (no shield)
rNeg    . . .      Spirit   .    b - +0 leather armour
rPois   .          Reflect  .    c - +1 helmet
rElec   .          Harm     .    (no cloak)
rCorr   .          Rampage  .    (no gloves)
Will    .....                    o - +0 pair of boots
Stlth   +                        (no amulet)
HPRegen 0.26/turn                (no ring)
MPRegen 0.09/turn                (no ring)

@: lethally poisoned (-1 -> -7), flying, hasted, very quick
A: icy blue scales 1, condensation shield
a: no special abilities


You were on level 3 of the Dungeon.
You visited 1 branch of the dungeon, and saw 3 of its levels.

You collected 92 gold pieces.

Inventory:

Hand Weapons
 a - a +1 trident (weapon)
Missiles
 d - 3 throwing nets (quivered)
 e - a javelin
Armour
 b - a +0 leather armour (worn)
 c - a +1 helmet (worn)
 o - a +0 pair of boots (worn)
Wands
 g - a wand of roots (7)
Scrolls
 k - 2 scrolls of fog
 m - 2 scrolls of identify
 n - a scroll of teleportation {unknown}
Potions
 f - a potion of invisibility
 h - a potion of flight
 i - 3 potions of haste
 j - a potion of attraction
 l - a potion of might


   Skills:
 + Level 3.2 Fighting
 + Level 3.5 Polearms
 - Level 1.7 Throwing
 + Level 2.0 Armour
 + Level 3.5 Dodging


You had 4 spell levels left.
You didn't know any spells.
Your spell library was empty.

Dungeon Overview and Level Annotations

Branches:
Dungeon (3/15)

Altars:
Yredelemnul

Shops:
D:1 :


Innate Abilities, Weirdness & Mutations

You are partially covered in icy blue scales. (AC +2)
A meltable shield of frost defends you. (SH +4)


Message History

The poisoned dart hits you!
You are poisoned.
You feel sick.
The kobold brigand throws a curare-tipped dart.
The curare-tipped dart hits you.
You are more poisoned.
You have difficulty breathing.
You feel yourself slow down.
You feel very sick.
You feel very sick.
You feel sick.
It was a potion of flight.
You feel very buoyant.
You fly up into the air.
You feel sick.
The kobold brigand throws a poisoned dart.
The poisoned dart hits you!
You are more poisoned.
It was a potion of haste.
You feel yourself speed up.
* * * LOW HITPOINT WARNING * * *
You feel very sick.
The kobold brigand throws a poisoned dart.
You block the poisoned dart.
You feel sick.
You feel sick.
The kobold brigand throws a poisoned dart.
The poisoned dart hits you!
You are lethally poisoned!
* * * LOW HITPOINT WARNING * * *
You feel very sick.
Okay, then.
* * * LOW HITPOINT WARNING * * *
You feel sick.
The kobold brigand throws a poisoned dart.
The poisoned dart closely misses you.
Unknown command.
* * * LOW HITPOINT WARNING * * *
You feel sick.
The kobold brigand throws a curare-tipped dart.
The curare-tipped dart closely misses you.
You feel yourself speed up.
You die...

#...# #..#.
#..#########
#..#.
#...........
##..#~
#..#########
#.)##~ ##.#
##..#~~ #.##
#####..##~~
#..#
#...#..#≈≈~
##.#
#...#..#≈≈~ #@#
#...#.K#≈~~
#.##
#...#.K##~~
#..#
#...##..#~~
##.#
#..K##..#~#
#.##
###)K.#).###
#K.###..K#....#
##.##..####..[#
#####K#..##
#####
#.........#


You could see 2 kobold brigands.

Vanquished Creatures
  Jessica (D:3)
  Ijyb (D:3)
  5 adders
  A worm (D:2)
  2 dart slugs (D:2)
  An orc (D:2)
  8 ball pythons
  5 endoplasms
  A giant cockroach (D:1)
  9 goblins
  A hobgoblin (D:1)
  2 jackals (D:2)
  9 kobolds
  2 quokkas (D:2)
  5 bats (D:1)
  8 frilled lizards
  3 rats
64 creatures vanquished.

Notes
Turn   | Place    | Note
-------+----------+-------------------------------------------
     0 | D:1      | Demosthentine the Demonspawn Gladiator began the quest for
                  | the Orb.
     0 | D:1      | Reached XP level 1. HP: 16/16 MP: 1/1
    75 | D:1      | Gained mutation: You are partially covered in icy blue
                  | scales. (AC +2) [demonic ancestry]
    75 | D:1      | Reached XP level 2. HP: 22/22 MP: 2/2
    91 | D:1      | Found Fioc's Vocational Training.
   357 | D:1      | Reached skill level 1 in Armour
   577 | D:2      | Reached XP level 3. HP: 28/28 MP: 3/3
  1103 | D:2      | Gained mutation: A meltable shield of frost defends you.
                  | (SH +4) [demonic ancestry]
  1103 | D:2      | Reached XP level 4. HP: 34/34 MP: 4/4
  1413 | D:3      | Noticed Ijyb
  1414 | D:3      | Found a basalt altar of Yredelemnul.
  1415 | D:3      | Noticed Jessica
  1421 | D:3      | Killed Ijyb
  1428 | D:3      | Killed Jessica
  1429 | D:3      | Reached XP level 5. HP: 6/41 MP: 5/5
  2070 | D:3      | HP: 2/41 [poisoned by a kobold brigand]
  2072 | D:3      | Succumbed to a kobold brigand's poison

Illustrated notes

Levels and vault maps discovered:
D:1:      minmay_arrival_glassed_features, layout_rooms, nicolae_shop_vocational
D:2:      layout_basic, chequers_serial_rivers_room_b
D:3:      cheibrodos_thug_alley, layout_rooms, yredelemnul_altar_generic,
          uniq_ijyb, uniq_jessica

Skill      XL: |  1  2  3  4  5 |
---------------+----------------+-----
Polearms       | 3 |  3.5
Armour         | 1 2 |  2.0
Dodging        | 3 |  3.5
Fighting       | 3 |  3.2
Throwing       | |  1.7

Action                     |  1- 3 |  4- 6 || total
---------------------------+-------+-------++-------
  Melee: Trident           |   125 |    63 ||   188
         Punch             |     1 |       ||     1
  Throw: Throwing net      |       |     1 ||     1
    Use: Scroll            |     3 |     5 ||     8
         Potion            |       |     3 ||     3
   Stab: Sleeping          |     1 |     3 ||     4
 Armour: Leather armour    |    50 |    13 ||    63
  Dodge: Dodged            |    99 |    29 ||   128
  Block: Other             |       |     9 ||     9

Table legend: (Time is in decaauts)
 A = Elapsed time spent in this place.
 B = Non-inter-level travel time spent in this place.
 C = Inter-level travel time spent in this place.
 D = Time resting spent in this place.
 E = Time spent auto-exploring this place.
 F = Levels seen in this place.
 G = Mean time per level.
                   A        B        C        D        E       F      G
               +--------+--------+--------+--------+--------+-----+--------+
         Total |   2110 |   2075 |     35 |    223 |   1329 |   3 |  703.3 |
       Dungeon |   2110 |   2075 |     35 |    223 |   1329 |   3 |  703.3 |
               +--------+--------+--------+--------+--------+-----+--------+

Top non-repeatable levels by time:
     D:2: 960 daAuts
     D:3: 592 daAuts
     D:1: 557 daAuts
